 Dungeon Crawl Stone Soup version 0.31-a0-175-g9f7f995f2b (webtiles) character file.

Game seed: 17039762377153813149

406 Lavandula the Chiller (level 6, -3/48 HPs)
             Began as a Deep Elf Ice Elementalist on June 17, 2023.
             Succumbed to a kobold brigand's curare-tipped dart
             ... in a sewer.
             The game lasted 00:08:18 (3958 turns).

Lavandula the Chiller (Deep Elf Ice Elementalist)   Turns: 3958, Time: 00:08:18

Health: -3/48      AC: 23    Str:  5    XL:     6   Next: 56%
Magic:  17/17      EV:  2    Int: 22    God:
Gold:   264        SH:  0    Dex: 15    Spells: 6/17 levels left

rFire   . . .        (no weapon)
rCold   . . .        (no shield)
rNeg    . . .        e - melded +0 leather armour
rPois   +            (helmet currently unavailable)
rElec   .            (cloak currently unavailable)
rCorr   .            s - melded +0 pair of gloves
SInv    .            q - melded +0 pair of boots
Will    .....        (no amulet)
Stlth   ++           (no ring)
HPRegen 0.28/turn    (no ring)
MPRegen 0.15/turn

%: no passive effects
@: lethally poisoned (-3 -> -49), tree-form, slowed, very slow
A: stationary, stasis, torment immunity, boosted hp
a: no special abilities


You were in a sewer.
You were a tree.
You visited 1 branch of the dungeon, and saw 5 of its levels.
You also visited: Sewer.

You collected 264 gold pieces.

Inventory:

Missiles
 g - 12 poisoned darts
Armour
 a - a +0 robe
 e - a +0 leather armour (melded)
 q - a +0 pair of boots (melded)
 s - a +0 pair of gloves (melded)
Jewellery
 h - a +6 ring of dexterity
 m - a +6 ring of strength
Scrolls
 c - a scroll of enchant weapon
 n - a scroll of fear
 u - a scroll of fog {unknown}
Potions
 b - 2 potions of magic
 d - a potion of curing {unknown}
 f - a potion of might
 i - a potion of mutation {unknown}
 j - a potion of resistance {unknown}
 k - a potion of lignification
 l - a potion of heal wounds {unknown}
 o - a potion of cancellation {unknown}
 p - a potion of enlightenment {unknown}
 r - a potion of haste {unknown}


   Skills:
 - Level 2.4 Dodging
 - Level 2.4 Stealth
 + Level 6.3 Spellcasting
 - Level 3.2 Summonings
 - Level 6.3 Ice Magic


You had 6 spell levels left.
You knew the following spells:

 Your Spells              Type           Power      Damage    Failure   Level
a - Freeze                Ice            100%       1d10      1%          1
b - Frozen Ramparts       Ice            70%        1d11      1%          3
c - Ozocubu's Armour      Ice            35%        N/A       1%          3
d - Summon Ice Beast      Ice/Summ       28%        N/A       12%         4

Your spell library contained the following spells:

 Spells                   Type           Power      Damage    Failure   Level
 Necrotise                Necr           28%        1d5       9%          1
 Slow                     Hex            28%        N/A       9%          1
 Blink                    Tloc           14%        N/A       13%         2
 Lesser Beckoning         Tloc           14%        N/A       13%         2
 Momentum Strike          Conj/Tloc      14%        3d8       13%         2
 Sublimation of Blood     Necr           7%         N/A       13%         2
 Wereblood                Tmut           7%         N/A       13%         2
 Confusing Touch          Hex            7%         N/A       26%         3
 Vampiric Draining        Necr           7%         2d6       26%         3
 Agony                    Necr           7%         N/A       94%         5
 Summon Hydra             Summ           10%        N/A       100%        7


Dungeon Overview and Level Annotations

Branches:
Dungeon (5/15)              Sewer (1/1)
 Temple: D:4-7

Altars:
Elyvilon
Gozag
Qazlal
Xom
Yredelemnul


Message History

Magic restored.
You enter the shallow water.
Moving in this stuff is going to be slow.
You enter the shallow water.
Moving in this stuff is going to be slow.
You enter the shallow water.
Moving in this stuff is going to be slow.
You enter the shallow water.
Moving in this stuff is going to be slow.
A kobold brigand and a kobold come into view.
The kobold brigand is wielding a +0 dagger and quivering curare-tipped darts.
The kobold shouts!
There are monsters nearby!
You enter the shallow water.
Moving in this stuff is going to be slow.
The kobold brigand shouts!
The kobold brigand throws a curare-tipped dart.
The curare-tipped dart hits you.
You are poisoned.
You have difficulty breathing.
You feel yourself slow down.
You feel very sick.
The kobold brigand throws a curare-tipped dart.
The curare-tipped dart hits you.
You are lethally poisoned!
You have difficulty breathing.
You feel as though you will be slow longer.
The kobold brigand throws a curare-tipped dart.
The curare-tipped dart hits you.
You are more poisoned.
You have difficulty breathing.
* * * LOW HITPOINT WARNING * * *
You feel as though you will be slow longer.
The kobold barely misses you.
Really quaff the potion of lignification?
You turn into a tree.
Your +0 pair of gloves melds into your body.
Your +0 pair of boots melds into your body.
Your +0 leather armour melds into your body.
Your roots penetrate the ground.
You die...

#.. ####### ...
#####~~K~.# ...
#######~.~~♣# ..
##..~..~~###~K~~.#
~# #~~.~~~~~#
#######
~####.~..~.~~#
.~##~..~####~..~
.~~....## #####
~...~.## ~.~~~~#
~~.~~~#


You could see a kobold brigand and a kobold.

Vanquished Creatures
  A black bear (D:5)
  3 hounds
  A sleepcap (D:5)
  2 iguanas (D:4)
  4 adders
  A white imp (D:5)
  An ufetubus (D:4)
  A worm (D:3)
  3 dart slugs (D:1)
  3 orcs
  5 bats
  8 endoplasms
  11 giant cockroaches
  4 goblins
  4 hobgoblins
  10 jackals
  2 quokkas
  5 ball pythons
  3 frilled lizards
  3 kobolds
  5 rats
80 creatures vanquished.

Notes
Turn   | Place    | Note
-------+----------+-------------------------------------------
     0 | D:1      | Lavandula the Deep Elf Ice Elementalist began the quest for
                  | the Orb.
     0 | D:1      | Reached XP level 1. HP: 10/10 MP: 6/6
   234 | D:1      | Reached XP level 2. HP: 15/15 MP: 4/8
   327 | D:1      | Reached skill level 5 in Ice Magic
   846 | D:1      | Reached XP level 3. HP: 19/19 MP: 6/9
   850 | D:1      | Learned a level 3 spell: Frozen Ramparts
  1490 | D:2      | Learned a level 3 spell: Ozocubu's Armour
  1504 | D:2      | Found a basalt altar of Yredelemnul.
  1799 | D:2      | You fall into a shaft and drop 1 floor!
  2007 | D:3      | Reached XP level 4. HP: 24/24 MP: 10/12
  2012 | D:3      | Learned a level 4 spell: Summon Ice Beast
  2290 | D:3      | Found an opulent altar of Gozag.
  2490 | D:3      | Reached skill level 1 in Summonings
  2561 | D:2      | Identified the +5 long sword "Zosh" {flame, rPois Int+5
                  | Stlth-}
  3153 | D:4      | Reached XP level 5. HP: 27/28 MP: 9/13
  3547 | D:5      | Entered Level 5 of the Dungeon
  3601 | D:5      | Found a stormy altar of Qazlal.
  3601 | D:5      | Noticed an ice beast
  3633 | D:5      | Noticed a black bear
  3648 | D:5      | Killed a black bear
  3649 | D:5      | Reached skill level 5 in Spellcasting
  3649 | D:5      | Reached XP level 6. HP: 32/32 MP: 0/16
  3656 | D:5      | Found a white marble altar of Elyvilon.
  3659 | D:5      | Found a shimmering altar of Xom.
  3864 | D:5      | Found a glowing drain.
  3883 | Sewer    | Entered a sewer
  3958 | Sewer    | Succumbed to a kobold brigand's curare-tipped dart

Illustrated notes

Levels and vault maps discovered:
D:1:      dpeg_arrival_central, layout_loops_corners, kennysheep_flooded_box,
          feat_on_display
D:2:      layout_rooms, basic_altar
D:3:      layout_basic, general_overflow_altar, minmay_strange_pillars
D:4:      layout_cave_pools, serial_column_ruins, column_ruins_hut,
          column_ruins_hut_ruined, column_ruins_open_large,
          column_ruins_open_large, column_ruins_corridor_straight,
          hangedman_decor_clover_reticule
D:5:      layout_rooms, kennysheep_mini_moat, gup_sewer_entry_pipe,
          hangedman_feature_mirror, grunt_tough_drop
Sewer:    sewer_co_tree

Skill      XL: |  1  2  3  4  5  6 |
---------------+-------------------+-----
Ice Magic      | 5 6 |  6.3
Spellcasting   | 4 5 6 |  6.3
Summonings     | 3 |  3.2
Dodging        | |  2.4
Stealth        | |  2.4

Action                     |  1- 3 |  4- 6 || total
---------------------------+-------+-------++-------
  Melee: Unarmed           |     7 |    16 ||    23
   Cast: Freeze            |    56 |    57 ||   113
         Frozen Ramparts   |     5 |     8 ||    13
         Ozocubu's Armour  |       |     1 ||     1
    Use: Scroll            |       |     5 ||     5
         Potion            |       |     2 ||     2
 Armour: Robe              |     6 |       ||     6
         Leather armour    |     6 |    23 ||    29
         Skin              |       |     2 ||     2
  Dodge: Dodged            |    33 |    34 ||    67

Table legend: (Time is in decaauts)
 A = Elapsed time spent in this place.
 B = Non-inter-level travel time spent in this place.
 C = Inter-level travel time spent in this place.
 D = Time resting spent in this place.
 E = Time spent auto-exploring this place.
 F = Levels seen in this place.
 G = Mean time per level.
                   A        B        C        D        E       F      G
               +--------+--------+--------+--------+--------+-----+--------+
         Total |   3968 |   3825 |    143 |     84 |   2984 |   6 |  661.3 |
       Dungeon |   3888 |   3745 |    143 |     84 |   2911 |   5 |  777.6 |
         Sewer |     80 |     80 |      0 |      0 |     73 |   1 |   80.0 |
               +--------+--------+--------+--------+--------+-----+--------+

Top non-repeatable levels by time:
     D:1: 1451 daAuts
     D:3: 767 daAuts
     D:4: 752 daAuts
     D:2: 576 daAuts
     D:5: 341 daAuts
   Sewer: 80 daAuts
